 Dungeon Crawl Stone Soup version 0.31-a0-177-g4aa6249778 (webtiles) character file.

Game seed: 2150930479532103448

1 qw the Shooter (level 1, -8/19 HPs)
             Began as a Naga Hunter on June 18, 2023.
             Mangled by a gnoll
             ... wielding a +0 spear
              (9 damage)
             ... on level 1 of the Dungeon.
             The game lasted 00:00:01 (30 turns).

qw the Shooter (Naga Hunter)                          Turns: 30, Time: 00:00:01

Health: -8/19      AC:  1    Str: 13    XL:     1   Next: 20%
Magic:  1/1        EV:  9    Int:  9    God:
Gold:   0          SH:  0    Dex: 14    Spells: 0/0 levels left

rFire   . . .        a - +0 shortbow
rCold   . . .        (shield currently unavailable)
rNeg    . . .        c - +0 leather armour
rPois   +            (no helmet)
rElec   .            (no cloak)
rCorr   .            (no gloves)
SInv    +            (no barding)
Will    .....        (no amulet)
Stlth   ++           (no ring)
HPRegen 0.23/turn    (no ring)
MPRegen 0.07/turn

%: no passive effects
@: short of breath, very slow
A: AC +0, large, see invisible, deformed body, poison resistance, slowness 2,
spit poison 1, naga tail 1
a: Spit Poison


You were on level 1 of the Dungeon.
You visited 1 branch of the dungeon, and saw 1 of its levels.


Innate Abilities, Weirdness & Mutations

Your serpentine skin is tough. (AC +0)
You have supernaturally acute eyesight. (SInv)
Armour fits poorly on your strangely shaped body.
Your system is resistant to poisons. (rPois)
You cover ground very slowly.
You can spit poison.
You have a snake-like lower body.


   Skills:
 - Level 2.0 Fighting
 + Level 3.6 Ranged Weapons
 - Level 1.5 Dodging
 - Level 1.5 Stealth


You couldn't memorise any spells.
You didn't know any spells.
Your spell library was empty.

Inventory:

Hand Weapons
 a - a +0 shortbow (weapon)
Armour
 c - a +0 leather armour (worn)

Dungeon Overview and Level Annotations

Branches:
Dungeon (1/15)

Altars:

Annotations:
D:1 exclusion: gnoll


Message History

Found a staircase leading out of the dungeon.
Options error: Missing colour in message_colour setting: 'then' x2
Waypoint 0 assigned to D:1.
0 ||| PLANNING D:1-11
Found a ring mail.
A gnoll comes into view. It is wielding a +0 spear.
You shoot an arrow. The arrow hits the gnoll.
The gnoll shouts!
The gnoll is moderately wounded.
You hear a shout!
You shoot an arrow. The arrow hits the gnoll.
The gnoll is heavily wounded.
A hobgoblin comes into view.
24 ||| INVOKING Spit Poison.
Aiming: Spit Poison (3% risk of failure)
Press: ? - help, Shift-Dir - straight line, f/p - gnoll The splash of poison hits the gnoll.
The gnoll is heavily wounded.
You shoot an arrow. The arrow closely misses the gnoll.
The arrow hits the hobgoblin.
You kill the hobgoblin!
You shoot an arrow. The arrow barely misses the gnoll.
The gnoll hits you from afar with a +0 spear.
You shoot an arrow.
The arrow hits the gnoll but does no damage.
The gnoll is heavily wounded.
You have got your breath back.
The gnoll hits you from afar with a +0 spear.
28 ||| INVOKING Spit Poison.
Aiming: Spit Poison (3% risk of failure)
Press: ? - help, Shift-Dir - straight line, f/p - gnoll The splash of poison misses the gnoll.
The gnoll hits you from afar with a +0 spear.
You shoot an arrow.
The arrow hits the gnoll but does no damage.
The gnoll is heavily wounded.
The gnoll hits you from afar with a +0 spear. x2
30 ||| DROPPING scroll of butterflies.
You drop a scroll of butterflies.
The gnoll hits you from afar with a +0 spear!
You die...

#...# #...# #.[.#
#...# ####### #...#
##.....## #...
#.#####.##
.#.####.#####.8~8~8..#
~%...g.@......~~~~~.<#
.~.####.#####.8~8~8..#
#.# #.#####.## #.#
##.....## #.# #######
#.# #.# #.#


You could see a gnoll.

Vanquished Creatures
  A hobgoblin (D:1)
1 creature vanquished.

Notes
Turn   | Place    | Note
-------+----------+-------------------------------------------
     0 | D:1      | qw the Naga Hunter began the quest for the Orb.
     0 | D:1      | Reached XP level 1. HP: 19/19 MP: 1/1
     0 | D:1      | 0 ||| qw: Version: 0.3-a-5-g6f28e65
     0 | D:1      | 0 ||| qw: Game counter: 656
     0 | D:1      | 0 ||| qw: Always use a shield: true
     0 | D:1      | 0 ||| qw: God list: Okawaru
     0 | D:1      | 0 ||| qw: Allow faded altars: false
     0 | D:1      | 0 ||| qw: Do Orc after D:15 true
     0 | D:1      | 0 ||| qw: Do second Lair branch before Depths: true
     0 | D:1      | 0 ||| qw: Lair rune preference: random
     0 | D:1      | 0 ||| qw: Plans: Normal
     0 | D:1      | 0 ||| PLANNING D:1-11
    24 | D:1      | 24 ||| INVOKING Spit Poison.
    28 | D:1      | 28 ||| INVOKING Spit Poison.
    29 | D:1      | HP: 1/19 [gnoll/+0 spear (5)]
    30 | D:1      | 30 ||| DROPPING scroll of butterflies.
    30 | D:1      | Mangled by a gnoll

Levels and vault maps discovered:
D:1:      lightli_arrival_statue_moat, layout_loops_cross,
          shapermc_ecumenical_altar_starsandcircs,
          corexii_item_surrounded_by_moat

Action                     || total
---------------------------++-------
   Fire: Shortbow          ||     6
Ability: Spit Poison       ||     2

Table legend:
 A = Non-vault XP
 B = Vault XP
 C = Vault XP percentage of total XP
 D = Non-vault monster count
 E = Vault monster count
 F = Vault count percentage of total count
                 A         B        C        D         E       F
            +---------+---------+-------+---------+---------+-------
      Total |       2 |       0 |   0.0 |       1 |       0 |   0.0
            +---------+---------+-------+---------+---------+-------
        D:1 |       2 |       0 |   0.0 |       1 |       0 |   0.0
            +---------+---------+-------+---------+---------+-------
